 Dungeon Crawl Stone Soup version 0.20.1-1-g8b1a95d (webtiles) character file.

291 mortelune the Chopper (level 6, -5/56 HPs)
             Began as a Minotaur Berserker on Oct 30, 2017.
             Was a Believer of Trog.
             Slain by Grinder (6 damage)
             ... on level 3 of the Dungeon.
             The game lasted 00:13:50 (2075 turns).

mortelune the Chopper (Minotaur Berserker)          Turns: 2075, Time: 00:13:53

Health: -5/56      AC:  9    Str: 24    XL:     6   Next: 10%
Magic:  5/5        EV: 10    Int:  4    God:    Trog [**....]
Gold:   93         SH:  0    Dex:  9    Spells: 5/5 levels left

rFire    . . .     SeeInvis .   a - +0 hand axe
rCold    + . .     Gourm    .   (no shield)
rNeg     . . .     Faith    .   k - +0 scale mail
rPois    .         Spirit   .   (helmet restricted)
rElec    .         Reflect  .   (no cloak)
rCorr    .         Harm     .   n - +1 pair of gloves
MR       .....                  (no boots)
Stlth    ..........             t - amulet of magic regeneration
Regen    0.2/turn               g - ring of protection from cold
MPRegen  0.2/turn               (no ring)

@: berserk cooldown, slowed, very slow
A: retaliatory headbutt, horns 2
a: Berserk, Trog's Hand, Burn Spellbooks, Renounce Religion


You were on level 3 of the Dungeon.
You worshipped Trog.
Trog was pleased with you.
You were near starving.

You visited 1 branch of the dungeon, and saw 3 of its levels.

You collected 93 gold pieces.

Inventory:

Hand Weapons
 a - a +0 hand axe (weapon)
Armour
 k - a +0 scale mail (worn)
 n - a +1 pair of gloves (worn)
Jewellery
 g - a ring of protection from cold (left hand)
 t - an amulet of magic regeneration (around neck)
Scrolls
 d - a scroll of fear
 h - 2 scrolls of remove curse
 o - a scroll of identify
 q - a scroll of teleportation {unknown}
 r - 2 scrolls of enchant armour
 s - a scroll of enchant weapon {unknown}
Potions
 j - 2 potions of ambrosia {unknown}
 l - a potion of curing
 m - a potion of lignification {unknown}
 p - 2 potions of heal wounds {unknown}
Comestibles
 b - 2 fruits
 c - 4 bread rations
 f - 3 meat rations
 i - 5 royal jellies


   Skills:
 + Level 5.2 Fighting
 * Level 6.4 Axes
 + Level 4.1 Armour
 - Level 2.2 Dodging


You had 5 spell levels left.
You didn't know any spells.

Dungeon Overview and Level Annotations

Branches:
Dungeon (3/15)

Altars:
Kikubaaqudgha
The Shining One

Annotations:
D:3 Grinder


Innate Abilities, Weirdness & Mutations

You reflexively headbutt those who attack you in melee.
You have a pair of horns on your head.


Message History

You headbutt Grinder. Grinder hits you.
* * * LOW HITPOINT WARNING * * *
You writhe in agony.
* * * LOW HITPOINT WARNING * * *
As you read the scroll labeled WOEKOL PAROGGAB, it crumbles to dust.
It is a scroll of identify.
r - 2 scrolls of enchant armour Grinder hits you but does no damage.
As you read the scroll labeled XEQEIM KEL IMA, it crumbles to dust.
It is a scroll of recharging.
You aren't carrying any rechargeable items.
Grinder blinks! x2
You barely miss Grinder.
Grinder is almost dead.
Grinder hits you.
* * * LOW HITPOINT WARNING * * *
You writhe in agony.
* * * LOW HITPOINT WARNING * * *
Grinder hits you.
You die...

....................# #......
.รท..........(..##########...#.###
.##..##...........##..........
####.#####....)............... #
#..# #.###................ # ##.#
#########..........(.
#.#######....#............
#....##Z#._....)..........
#########...@.............
##########5##.)........
###...#..............#.
#####...###.........#..#.# .
......### #.........#....## ..
...#### ###.........#.....#.. ..##
#...........##.#...... ..#
#.#.........##.#.#.... ..#
#.#.........##...##...


You could see Grinder and a human zombie.

Vanquished Creatures
  The ghost of Tovarisch the Ruffian, an amateur TrMo (D:3)
  2 orc priests (D:3)
  Jessica (D:2)
  3 adders (D:3)
  An ooze (D:2)
  A worm (D:2)
  5 dart slugs
  3 orcs (D:3)
  6 giant cockroaches
  6 goblins
  9 hobgoblins
  2 jackals (D:3)
  3 kobolds
  2 quokkas
  5 bats
  8 frilled lizards
  16 rats
74 creatures vanquished.

Vanquished Creatures (others)
  A human (D:3)
1 creature vanquished.

Grand Total: 75 creatures vanquished

Notes
Turn   | Place    | Note
-------+----------+-------------------------------------------
     0 | D:1      | mortelune the Minotaur Berserker began the quest for the Orb.
     0 | D:1      | Reached XP level 1. HP: 19/19 MP: 0/0
    73 | D:1      | Reached XP level 2. HP: 26/27 MP: 1/1
    77 | D:1      | Reached skill level 4 in Axes
   538 | D:1      | Reached ** piety under Trog
   631 | D:2      | Reached XP level 3. HP: 33/33 MP: 2/2
   686 | D:2      | Noticed Jessica
   710 | D:2      | Killed Jessica
   710 | D:2      | Reached XP level 4. HP: 27/41 MP: 3/3
   870 | D:2      | You fall through a shaft!
   876 | D:3      | Reached skill level 5 in Axes
  1127 | D:2      | Found a glowing golden altar of the Shining One.
  1433 | D:3      | Noticed Tovarisch's ghost (amateur TrMo)
  1454 | D:3      | Killed Tovarisch's ghost
  1454 | D:3      | Reached XP level 5. HP: 47/47 MP: 4/4
  1545 | D:3      | Found an ancient bone altar of Kikubaaqudgha.
  1557 | D:3      | Noticed a human
  1558 | D:3      | Killed a human
  1578 | D:3      | Reached skill level 5 in Fighting
  1683 | D:3      | Reached skill level 6 in Axes
  1756 | D:3      | Reached XP level 6. HP: 31/56 MP: 5/5
  2036 | D:3      | Noticed Grinder
  2043 | D:3      | Paralysed by Grinder for 4 turns
  2068 | D:3      | Paralysed by Grinder for 2 turns
  2075 | D:3      | HP: 1/56 [Grinder (3)]
  2075 | D:3      | Slain by Grinder

Skill      XL: |  1  2  3  4  5 |
---------------+----------------+-----
Fighting       | 4 5 |  5.2
Axes           | 4 5 6 |  6.4
Armour         | 3 4 |  4.1
Dodging        | |  2.2

Action                   |  1- 3 |  4- 6 || total
-------------------------+-------+-------++-------
Melee: Hand axe          |    75 |   120 ||   195
       Headbutt          |     9 |    18 ||    27
Invok: Berserk           |       |     2 ||     2
       Trog's Hand       |       |     1 ||     1
  Use: Scroll            |       |     4 ||     4
       Potion            |       |     2 ||     2
  Eat: Chunk             |       |     4 ||     4
Armor: Scale mail        |    13 |    50 ||    63
       Animal skin       |     6 |       ||     6
Dodge: Dodged            |    48 |    57 ||   105
